 Dungeon Crawl Stone Soup version 0.32-a0-938-g40ac7a0f4d (webtiles) character file.

Game seed: 9229269433622169620

46 retardedninja the Trooper (level 3, 0/30 HPs)
             Began as a Coglin Fighter on Apr 15, 2024.
             Incinerated by a bombardier beetle (3 damage)
             ... with a burning spray
             ... on level 4 of the Dungeon.
             The game lasted 00:02:00 (841 turns).

retardedninja the Trooper (Coglin Fighter)           Turns: 841, Time: 00:02:01

Health: 0/30       AC:  6    Str: 18    XL:     3   Next: 66%
Magic:  3/3        EV:  8    Int:  7    God:
Gold:   36         SH:  0    Dex: 13    Spells: 2/2 levels left

rFire   . . .        a - +0 war axe {Lisbeth}
rCold   . . .        f - +0 long sword {Matia}
rNeg    . . .        b - +0 scale mail
rPois   .            (no helmet)
rElec   .            (no cloak)
rCorr   .            (no gloves)
SInv    .            (no boots)
Will    .....        (amulet unavailable) Stlth
                     (ring unavailable)
HPRegen 0.25/turn    (ring unavailable)
MPRegen 0.08/turn    (no gizmo)

%: no passive effects
@: on fire, glowing, revved
A: off-hand wielding, slow wielding, warmup strikes, no jewellery
a: Invent Gizmo


You were on level 4 of the Dungeon.
You visited 1 branch of the dungeon, and saw 3 of its levels.

You collected 36 gold pieces.

Inventory:

Hand Weapons
 a - a +0 war axe (weapon) {Lisbeth}
 f - a +0 long sword (offhand) {Matia}
Armour
 b - a +0 scale mail (worn)
Scrolls
 c - a scroll of brand weapon {unknown}
 e - a scroll of amnesia {unknown}
 h - a scroll of enchant weapon {unknown}
 j - a scroll of immolation {unknown}
 k - a scroll of teleportation {unknown}
 l - 2 scrolls of poison {unknown}
Potions
 d - a potion of might
 g - a potion of berserk rage {unknown}
 i - a potion of lignification {unknown}
 m - a potion of haste {unknown}


   Skills:
 * Level 3.7 Fighting
 * Level 2.9 Axes
 + Level 3.0 Armour
 - Level 2.1 Shields


You had 2 spell levels left.
You didn't know any spells.
Your spell library contained the following spells:

 Spells                   Type           Power      Damage    Failure   Level
 Dazzling Flash           Conj/Hex       0%         N/A       99%         3
 Mephitic Cloud           Conj/Alch/Air  0%         N/A       99%         3
 Curse of Agony           Necr           0%         N/A       100%        5
 Silence                  Hex/Air        0%         N/A       100%        5


Dungeon Overview and Level Annotations

Branches:
Dungeon (2/15)

Altars:


Innate Abilities, Weirdness & Mutations

You can wield a second weapon in your off-hand.
It takes a long time for you to wield or remove held weapons.
Your first few attacks do less damage.
You cannot equip rings or amulets.


Message History

The bombardier beetle sprays incendiary fluid at you.
The burning spray hits you.
You are covered in liquid fire!
You are on fire!
You are on fire!
You shake off some of the fire as you move.
The liquid fire burns you!
You shake off some of the fire as you move.
The liquid fire burns you!
You barely miss the bombardier beetle with your +0 war axe.
You barely miss the bombardier beetle with your +0 long sword.
The liquid fire burns you!
The bombardier beetle closely misses you.
You are too injured to fight recklessly!
You are too injured to fight recklessly!
You are too injured to fight recklessly!
You are too injured to fight recklessly!
You are too injured to fight recklessly!
You are too injured to fight recklessly!
You are too injured to fight recklessly!
You are too injured to fight recklessly!
You are too injured to fight recklessly!
Unknown command.
You slash the bombardier beetle with your +0 long sword!
The bombardier beetle is heavily wounded.
You hit the bombardier beetle but do no damage.
The liquid fire burns you!
* * * LOW HITPOINT WARNING * * *
You barely miss the bombardier beetle with your +0 war axe.
The bombardier beetle is heavily wounded.
You hit the bombardier beetle with your +0 long sword.
The liquid fire burns you!
* * * LOW HITPOINT WARNING * * *
The bombardier beetle bites you.
* * * LOW HITPOINT WARNING * * *
You hit the bombardier beetle but do no damage.
The bombardier beetle is heavily wounded.
You barely miss the bombardier beetle with your +0 long sword.
The liquid fire burns you!
You die...

#.#
#####.#####
#.........#
#.##...#..#
+.....###.#
#......#..#
#####.#.# #
###.# #@#
#B# ...
#...# #...#
###.# .# .#


You could see a bombardier beetle.

Vanquished Creatures
  3 dart slugs (D:1)
  3 endoplasms (D:1)
  A giant cockroach (D:1)
  4 goblins (D:1)
  4 hobgoblins (D:1)
  4 jackals (D:1)
  5 bats (D:1)
  A frilled lizard (D:1)
  5 kobolds (D:1)
  6 rats (D:1)
36 creatures vanquished.

Notes
Turn   | Place    | Note
-------+----------+-------------------------------------------
     0 | D:1      | retardedninja the Coglin Fighter began the quest for the
                  | Orb.
     0 | D:1      | Reached XP level 1. HP: 18/18 MP: 1/1
    41 | D:1      | Reached XP level 2. HP: 13/24 MP: 2/2
   334 | D:1      | Reached XP level 3. HP: 29/29 MP: 3/3
   346 | D:1      | Found a faded altar of an unknown god.
   825 | D:2      | You fall into a shaft and drop 2 floors!
   841 | D:4      | Incinerated by a bombardier beetle

Illustrated notes

Levels and vault maps discovered:
D:1:      dpeg_arrival_line_fractal, layout_basic,
          shapermc_ecumenical_altar_starsandcircs
D:2:      layout_basic, chequers_serial_rivers_small_a
D:4:      layout_loops_corners, mainiacjoe_overflow_swirl,
          uniq_crazy_yiuf_cottage, uniq_sigmund

Skill      XL: |  1  2  3 |
---------------+----------+-----
Armour         | 3 |  3.0
Fighting       | |  3.7
Axes           | |  2.9
Shields        | |  2.1

Action                     || total
---------------------------++-------
  Melee: War axe           ||    61
         Long sword        ||    37
 Armour: Scale mail        ||    71
  Dodge: Dodged            ||    45

Table legend: (Time is in decaauts)
 A = Elapsed time spent in this place.
 B = Non-inter-level travel time spent in this place.
 C = Inter-level travel time spent in this place.
 D = Time resting spent in this place.
 E = Time spent auto-exploring this place.
 F = Levels seen in this place.
 G = Mean time per level.
                   A        B        C        D        E       F      G
               +--------+--------+--------+--------+--------+-----+--------+
         Total |    866 |    848 |     18 |     15 |    629 |   3 |  288.7 |
       Dungeon |    866 |    848 |     18 |     15 |    629 |   3 |  288.7 |
               +--------+--------+--------+--------+--------+-----+--------+

Top non-repeatable levels by time:
     D:1: 829 daAuts
     D:2: 19 daAuts
     D:4: 17 daAuts
